 Dungeon Sprint DCSS version 0.30-a0-1102-g2dbb833546 (webtiles) character file.

Game seed: 16493686082049081520

245 Conn the Arsonist (level 6, -3/36 HPs)
             Began as an Octopode Fire Elementalist on Apr 18, 2023.
             Was an Initiate of Sif Muna.
             Slain by a human
             ... wielding a +0 mace
              (11 damage)
             ... in the Dungeon (Sprint III: "The Ten Rune Challenge").
             The game lasted 00:06:04 (571 turns).

Conn the Arsonist (Octopode Fire Elementalist)       Turns: 571, Time: 00:06:05

Health: -3/36      AC:  1    Str: 11    XL:     6   Next: 10%
Magic:  14/15      EV: 14    Int: 17    God:    Sif Muna [......]
Gold:   33         SH:  0    Dex: 15    Spells: 8/18 levels left

rFire   . . .      SeeInvis .    n - +2 dagger (venom)
rCold   . . .      Faith    .    (no shield)
rNeg    . . .      Spirit   .    (helmet restricted)
rPois   .          Reflect  .    (no amulet)
rElec   .          Rampage  .    (no ring)
rCorr   .          NoTele   +    (no ring)
Will    .....                    (no ring)
Stlth   ++++                     (no ring)
HPRegen 0.26/turn                (no ring)
MPRegen 0.14/turn                (no ring)
                                 (no ring)
                                 (no ring)

@: very slightly contaminated
A: almost no armour, amphibious, 8 rings, camouflage 1, gelatinous body 1,
(nimble swimmer 1), tentacles, tentacle spike 1, agile 1, strong 1
a: Renounce Religion


You were in the Dungeon.
You worshipped Sif Muna.
Sif Muna was noncommittal.
You visited 1 branch You collected 33 gold pieces.

Inventory:

Hand Weapons
 n - a +2 dagger of venom (weapon)
Scrolls
 f - a scroll of blinking
 g - a scroll of amnesia {unknown}
 h - a scroll of magic mapping {unknown}
 j - 2 scrolls of immolation {unknown}
 k - 4 scrolls of identify
Potions
 a - 2 potions of magic
 b - a potion of curing
 d - a potion of haste
 e - a potion of berserk rage
 i - a potion of degeneration {unknown}
 l - 4 potions of flight
 m - 3 potions of mutation


   Skills:
 + Level 4.0 Dodging
 + Level 4.7 Stealth
 * Level 6.5 Spellcasting
 * Level 3.8 Conjurations
 + Level 8.3 Fire Magic
 * Level 2.1 Invocations


You had 8 spell levels left.
You knew the following spells:

 Your Spells              Type           Power      Damage    Failure   Level
a - Foxfire               Conj/Fire      100%       2x1d9     1%          1
b - Flame Wave            Conj/Fire      26%        2d8       10%         4
c - Inner Flame           Hex/Fire       19%        N/A       7%          3
e - Scorch                Fire           66%        2d7       1%          2

Your spell library contained the following spells:

 Spells                   Type           Power      Damage    Failure   Level
 Volatile Blastmotes      Fire/Tloc      38%        2d13      7%          3
 Gell's Gravitas          Tloc           5%         N/A       36%         3
 Teleport Other           Tloc           5%         N/A       36%         3
 Dispersal                Tloc           2%         N/A       100%        6
 Chain Lightning          Conj/Air       6%         3d8       100%        9
 Fire Storm               Conj/Fire      13%        8d3       100%        9
 Shatter                  Erth           2%         3d6*      100%        9


Dungeon Overview and Level Annotations

Branches:
Dungeon (1/1)

Altars:
Dithmenos
Kikubaaqudgha
Okawaru
Ru
Sif Muna
Trog
Uskayaw
Vehumet
Wu Jian
Yredelemnul


Innate Abilities, Weirdness & Mutations

You cannot wear most types of armour.
You are amphibious.
You can wear up to eight rings at the same time.
Your skin changes colour to match your surroundings (Stealth+).
Your rubbery body absorbs attacks. (AC +1, EV +1)
((You are camouflaged when in or above water. (Stealth+)))
You have tentacles for arms and can constrict up to eight enemies at once.
One of your tentacles bears a spike.
You are agile. (Dex +4, Str/Int -1)
Your muscles are strong. (Str +4, Int/Dex -1)


Message History

The human barely misses you.
The human is engulfed in a cloud of scalding steam.
The human hits you with a +0 mace!
Unknown command.
Unknown command.
The human attacks as you move away! The human closely misses you.
The human is engulfed in a cloud of scalding steam.
Flame seeps out of the human.
There is an open door here.
Items here: ) [[ ††.
The human attacks as you move away! The human closely misses you.
The human is engulfed in a cloud of scalding steam.
The human hits you with a +0 mace!!
Ouch! That really hurt!
* * * LOW HITPOINT WARNING * * *
Unknown command.
You aren't carrying any items that you can evoke.
Unknown command.
Unknown command.
Unknown command.
Unknown command.
You feel much better. The human hits you with a +0 mace!
The human is engulfed in a cloud of scalding steam.
Flame seeps out of the human.
Okay, then.
Unknown command.
Magic courses through your body.
The human is engulfed in a cloud of scalding steam.
The human closely misses you.
The human is engulfed in a cloud of scalding steam.
The human hits you with a +0 mace!
* * * LOW HITPOINT WARNING * * *
Okay, then.
Unknown command.
Casting: Scorch (safe; 1% risk of failure)
Confirm with . or Enter, or press ? or * to list all spells.
Flames lash the human.
The human is burned terribly!
The human is almost dead.
The human hits you with a +0 mace!
You die...

##.......#..#..# #__ #._#
.##.##...#..#..###+#'###'##
.##.###..##'#..#.......)..#
####.##†)###...'.⌠........#
##..##..####...#...######+#
....##..###....#.⌠.#
#..##...##.....#p.§#
†.##....#......#p###
.###..##.#.....#@..# .#
#..#####....#___# ▓▓ ▓▓▓▓
▓▓▓▓▓▓▓▓▓▓


You could see 2 humans.

Vanquished Creatures
  A necrophage (D)
  A water elemental (D)
  A wizard (D)
  Jessica (D)
  A necromancer (D)
  A kobold demonologist (D)
  A human (D)
  A wolf (D)
  An endoplasm (D)
  2 rats (D)
11 creatures vanquished.

Vanquished Creatures (others)
  39 foxfires (D)
39 creatures vanquished.

Grand Total: 50 creatures vanquished

Notes
Turn   | Place    | Note
-------+----------+-------------------------------------------
     0 | D        | Conn the Octopode Fire Elementalist began the quest for the
                  | Orb.
     0 | D        | Reached XP level 1. HP: 11/11 MP: 3/3
    69 | D        | Noticed Jessica
    74 | D        | Killed Jessica
    75 | D        | Reached skill level 5 in Fire Magic
    75 | D        | Reached XP level 2. HP: 17/17 MP: 0/6
    75 | D        | Reached XP level 3. HP: 21/21 MP: 0/7
   151 | D        | Learned a level 2 spell: Scorch
   155 | D        | Learned a level 3 spell: Inner Flame
   257 | D        | Reached skill level 6 in Fire Magic
   257 | D        | Reached XP level 4. HP: 27/27 MP: 5/9
   307 | D        | Gained mutation: One of your tentacles bears a spike.
                  | [potion of mutation]
   307 | D        | Gained mutation: You are vulnerable to cold. (rC-) [potion
                  | of mutation]
   307 | D        | Gained mutation: You have supernaturally acute eyesight.
                  | (SInv) [potion of mutation]
   308 | D        | Lost mutation: One of your tentacles bears a spike. [potion
                  | of mutation]
   308 | D        | Lost mutation: You have supernaturally acute eyesight.
                  | (SInv) [potion of mutation]
   308 | D        | Lost mutation: You are vulnerable to cold. (rC-) [potion of
                  | mutation]
   308 | D        | Gained mutation: Your muscles are strong. (Str +4, Int/Dex
                  | -1) [potion of mutation]
   308 | D        | Gained mutation: One of your tentacles bears a spike.
                  | [potion of mutation]
   308 | D        | Gained mutation: You are agile. (Dex +4, Str/Int -1)
                  | [potion of mutation]
   319 | D        | Learned a level 4 spell: Flame Wave
   324 | D        | Noticed a water elemental
   329 | D        | Killed a water elemental
   330 | D        | Reached skill level 7 in Fire Magic
   330 | D        | Reached XP level 5. HP: 31/31 MP: 6/12
   373 | D        | Found a radiant altar of Vehumet.
   373 | D        | Found a shimmering blue altar of Sif Muna.
   373 | D        | Found an ancient bone altar of Kikubaaqudgha.
   377 | D        | Reached skill level 5 in Spellcasting
   378 | D        | Noticed a chaos spawn
   391 | D        | Became a worshipper of Sif Muna the Loreminder
   482 | D        | Found a basalt altar of Yredelemnul.
   482 | D        | Found a shadowy altar of Dithmenos.
   482 | D        | Found a sacrificial altar of Ru.
   487 | D        | Reached skill level 1 in Invocations
   490 | D        | Reached skill level 8 in Fire Magic
   490 | D        | Reached XP level 6. HP: 36/36 MP: 6/15
   553 | D        | Found a hide-covered altar of Uskayaw.
   553 | D        | Found an iron altar of Okawaru.
   553 | D        | Found a bloodstained altar of Trog.
   553 | D        | Found an ornate altar of the Wu Jian Council.
   553 | D        | Noticed a human
   559 | D        | Noticed a human
   571 | D        | Slain by a human

Illustrated notes

Levels and vault maps discovered:
D:        dungeon_sprint_mu [sprint_mu_entry_cave, sprint_mu_temple_rooms,
          sprint_mu_d1_spiders, sprint_mu_d2_genie, sprint_mu_d3_branching,
          sprint_mu_orc_legion, sprint_mu_elf_gauntlet, sprint_mu_hive_nellie,
          sprint_mu_lair_fedhas, sprint_mu_vaults_butterflies,
          sprint_mu_slime_circle, sprint_mu_swamp_cave, sprint_mu_snake_twists,
          sprint_mu_blade_basic, sprint_mu_crypt_fortress,
          sprint_mu_tomb_spiral, sprint_mu_vestibule_basic,
          sprint_mu_gehenna_hellfire, sprint_mu_dis_giant,
          sprint_mu_tartarus_statrot, sprint_mu_cocytus_islands, sprint_mu_zot1]

Skill      XL: |  1  2  3  4  5 |
---------------+----------------+-----
Stealth        | 3 4 |  4.7
Spellcasting   | 3 4 6 |  6.5
Fire Magic     | 5 6 7 8 |  8.3
Dodging        | 3 4 |  4.0
Conjurations   | 2 3 |  3.8
Invocations    | 2 |  2.1

Action                     |  1- 3 |  4- 6 || total
---------------------------+-------+-------++-------
  Melee: Unarmed           |     3 |     2 ||     5
         Tentacles         |     2 |     1 ||     3
         Constrict         |     1 |     1 ||     2
   Cast: Foxfire           |    13 |    10 ||    23
         Scorch            |     2 |     7 ||     9
         Flame Wave        |       |     1 ||     1
         Inner Flame       |       |     1 ||     1
    Use: Potion            |       |     4 ||     4
  Dodge: Dodged            |     3 |     4 ||     7

Table legend: (Time is in decaauts)
 A = Elapsed time spent in this place.
 B = Non-inter-level travel time spent in this place.
 C = Inter-level travel time spent in this place.
 D = Time resting spent in this place.
 E = Time spent auto-exploring this place.
 F = Levels seen in this place.
 G = Mean time per level.
                   A        B        C        D        E       F      G
               +--------+--------+--------+--------+--------+-----+--------+
         Total |    570 |    570 |      0 |    230 |    138 |   1 |  570.0 |
       Dungeon |    570 |    570 |      0 |    230 |    138 |   1 |  570.0 |
               +--------+--------+--------+--------+--------+-----+--------+

Top non-repeatable levels by time:
       D: 570 daAuts
